Map: Ruins of Seras

Players

BunnyWillis - Winner!

  • Race: Terran Terran
  • League: Grandmaster

iNcontroL

  • Race: Protoss Protoss
  • League: Master

VOD

Have the link to the VOD?

Description

Time

  • Played on: Nov. 19, 2015, 9:15 p.m.
  • Length: 14:44
Show
View Real Time Build Order
Export as new Build Order

BunnyWillis Terran - Winner!

Build Orders: Liberator Opening, Reaper Expand, MMM Bio 

Get SALT Encoding   

  12  0:03  SCV  
  13  0:15  SCV  
  14  0:22  Supply Depot  
  14  0:27  SCV  
  15  0:44  SCV  
  15  0:46  Barracks  
  15  0:47  Refinery  
  16  0:56  SCV  
  17  1:08  SCV  
  18  1:20  SCV  
  19  1:34  Orbital Command  
  19  1:35  Reaper  
  20  1:47  Command Center  
  20  1:58  Supply Depot  
  20  2:06  SCV  
  21  2:18  SCV  
  21  2:20  Barracks Reactor  
  22  2:28  Refinery  
  22  2:30  Factory  
  22  2:34  SCV  
  23  2:39  Bunker  
  23  2:46  SCV  
  24  2:57  Marine x2  
  25  2:58  SCV  
  25  3:00  Orbital Command  
  26  3:12  SCV  
  27  3:14  Factory Tech Lab  
  27  3:15  Marine x2  
  27  3:16  Starport  
  29  3:22  Orbital Command  
  29  3:27  SCV  
  30  3:37  Cyclone  
  30  3:38  Marine x2  
  30  3:40  SCV  
  36  3:42  Supply Depot  
  36  3:48  SCV, Liberator  
  37  3:52  SCV  
  38  3:55  Marine  
  38  3:56  Marine  
  38  4:00  SCV  
  41  4:04  SCV  
  45  4:11  Supply Depot  
  45  4:12  SCV  
  45  4:16  SCV  
  47  4:19  Barracks  
  47  4:24  SCV, Marine x2  
  47  4:28  SCV  
  47  4:30  Supply Depot  
  51  4:35  Barracks  
  51  4:36  SCV  
  52  4:40  SCV  
  52  4:43  Marine x2  
  55  4:46  Factory Reactor  
  55  4:47  Refinery  
  55  4:48  SCV  
  55  4:52  SCV, Starport Reactor  
  57  5:00  SCV  
  57  5:04  SCV, Marine x2  
  61  5:13  SCV  
  62  5:16  SCV  
  60  5:24  Marauder  
  60  5:25  SCV, Barracks Tech Lab, Stimpack, Marine x2  
  65  5:28  Refinery  
  65  5:30  SCV  
  65  5:31  Command Center  
  65  5:32  Medivac x2  
  70  5:38  SCV  
  70  5:42  SCV  
  64  5:45  Combat Shields, Bunker  
  64  5:46  Bunker, Marauder  
  64  5:49  Marauder  
  65  5:55  Marine x2  
  67  6:04  Supply Depot x2  
  67  6:07  Marauder  
  67  6:08  Liberator x2  
  69  6:21  Marine  
  69  6:25  Marine, Widow Mine x2  
  78  6:26  Marauder  
  78  6:29  Supply Depot  
  78  6:31  Supply Depot  
  83  6:34  Marauder  
  83  6:37  SCV  
  86  6:41  Supply Depot  
  86  6:43  SCV, Supply Depot  
  86  6:44  Engineering Bay  
  87  6:47  Marauder  
  87  6:48  Orbital Command  
  87  6:53  Marine  
  87  6:54  Marine, Liberator  
  90  6:56  Marauder  
  93  7:05  Barracks  
  93  7:06  Orbital Command  
  93  7:08  Barracks  
  96  7:18  SCV x2  
  98  7:24  Concussive Shells  
  98  7:26  Marauder, Marine  
  103  7:30  SCV x2, Marauder  
  103  7:34  SCV  
  106  7:42  SCV x2  
  108  7:44  Marine x2  
  108  7:46  SCV  
  108  7:47  Marauder  
  115  7:51  Marauder  
  115  7:54  SCV, Supply Depot  
  115  7:56  Supply Depot  
  115  7:58  Supply Depot, Medivac x2  
  119  7:59  Supply Depot  
  119  8:00  Terran Infantry Weapons Level 1  
  119  8:07  Widow Mine x2  
  119  8:10  SCV x2  
  125  8:14  Barracks Tech Lab  
  125  8:19  SCV  
  126  8:20  Barracks  
  126  8:21  Barracks Reactor, Barracks  
  126  8:22  SCV, Barracks  
  127  8:29  Marauder x2, Marine x2  
  133  8:42  Marine  
  133  8:47  Marine x2  
  122  8:50  Marine  
  122  8:51  Marauder  
  115  8:59  Marine x3  
  116  9:05  Medivac x2, Marine  
  116  9:09  Marauder  
  118  9:12  Marauder  
  117  9:18  Barracks, Liberator x2  
  117  9:19  Armory, Engineering Bay, Barracks, SCV  
  117  9:20  Command Center, SCV  
  117  9:22  Marine x2  
  121  9:26  Barracks Tech Lab x2  
  121  9:30  Barracks Reactor  
  121  9:35  Refinery  
  121  9:36  Refinery, Widow Mine  
  121  9:37  Starport  
  127  9:47  Marine x3, Marauder x3  
  127  9:48  Marine  
  125  9:54  Terran Infantry Armor Level 1  
  125  9:58  Marine x2  
  123  10:05  Marine  
  123  10:06  Marine x3  
  127  10:08  Marauder  
  127  10:09  Marauder x2  
  127  10:11  Barracks Reactor, Barracks Tech Lab  
  127  10:12  Liberator  
  127  10:13  Liberator  
  133  10:16  Terran Infantry Weapons Level 2, Marauder  
  133  10:21  Marauder, Marine x2  
  137  10:27  Marine  
  134  10:30  Marauder  
  134  10:43  Marauder x2  
  134  10:44  Marauder x3  
  134  10:45  Marine  
  134  10:47  Marine  
  146  10:54  Marine x2  
  146  10:55  Marine x2  
  150  11:04  Planetary Fortress  
  150  11:10  Marauder  
  150  11:11  Marauder x2  
  156  11:13  Liberator  
  156  11:14  Liberator  
  156  11:16  Liberator x2  
  156  11:24  Marine  
  156  11:25  Marine  
  155  11:31  Command Center  
  160  11:35  Marauder  
  161  11:40  Marine x2  
  161  11:41  Marine x3  
  161  11:42  Marine x3  
  161  11:43  Marine  
  161  11:44  Marine  
  140  11:51  Marine x2  
  140  11:52  Marauder  
  144  11:56  Marauder  
  144  11:59  Terran Infantry Armor Level 2  
  144  12:00  Marauder  
  139  12:02  Marauder  
  141  12:13  Medivac x2  
  145  12:16  Medivac  
  145  12:19  Marauder  
  145  12:20  Marine, Marauder x3  
  145  12:22  Marauder, Marine  
  146  12:23  Marauder  
  146  12:27  Marine x6  
  154  12:32  Medivac  
  156  12:38  Marine  
  156  12:39  Marine  
  156  12:41  Marauder x4  
  156  12:43  Marauder  
  168  12:45  Supply Depot, Marauder, Marine  
  168  12:48  Medivac  
  168  12:49  Medivac x2  
  168  12:50  Marine x3  
  180  13:01  Marine x3  
  180  13:02  Marauder, Medivac  
  180  13:03  Marauder x2  
  191  13:20  Marine x2  
  191  13:21  Marine  
  191  13:22  Marine x6  
  179  13:54  Marine x2, Marauder x6  
  188  14:15  Marauder x3  
  188  14:16  Marine  
  195  14:24  Marine x2  
Show
View Real Time Build Order
Export as new Build Order

iNcontroL Protoss 

Build Orders: Nexus First, Blink Stalkers 

Get SALT Encoding   

  12  0:00  Probe (Chrono Boost)  
  13  0:11  Probe (Chrono Boost)  
  14  0:18  Pylon  
  14  0:22  Probe (Chrono Boost)  
  15  0:36  Probe (Chrono Boost)  
  16  0:47  Probe (Chrono Boost)  
  17  0:57  Probe (Chrono Boost)  
  18  1:04  Nexus  
  18  1:14  Gateway  
  18  1:20  Assimilator  
  18  1:22  Probe (Chrono Boost)  
  19  1:32  Probe (Chrono Boost), Pylon  
  20  1:43  Probe (Chrono Boost)  
  21  1:53  Probe (Chrono Boost)  
  22  2:01  Cybernetics Core  
  22  2:04  Probe (Chrono Boost)  
  23  2:12  Assimilator  
  23  2:14  Probe (Chrono Boost)  
  23  2:16  Zealot  
  23  2:20  Probe (Chrono Boost)  
  27  2:30  Probe (Chrono Boost)  
  27  2:32  Pylon  
  27  2:41  Mothership Core (Chrono Boost)  
  27  2:43  Stalker  
  31  2:50  Warp Gate  
  31  2:52  Pylon  
  31  2:54  Probe (Chrono Boost)  
  32  2:59  Probe (Chrono Boost)  
  32  3:04  Probe (Chrono Boost)  
  34  3:13  Twilight Council, Probe (Chrono Boost)  
  34  3:15  Probe (Chrono Boost)  
  36  3:21  Pylon  
  36  3:24  Probe (Chrono Boost)  
  36  3:25  Probe (Chrono Boost)  
  38  3:34  Probe (Chrono Boost)  
  38  3:36  Probe (Chrono Boost)  
  40  3:43  Stalker  
  40  3:45  Probe (Chrono Boost)  
  40  3:46  Assimilator  
  40  3:47  Probe (Chrono Boost)  
  44  3:55  Blink (Chrono Boost)  
  44  4:02  Probe  
  45  4:04  Probe  
  45  4:09  Assimilator  
  46  4:13  Stalker  
  46  4:14  Probe  
  49  4:18  Gateway  
  49  4:20  Gateway  
  49  4:26  Gateway  
  49  4:27  Gateway, Probe  
  50  4:40  Probe  
  50  4:42  Probe, Pylon  
  50  4:48  Pylon  
  50  4:51  Probe  
  51  4:54  Probe  
  52  5:11  Stalker  
  54  5:16  Probe  
  54  5:18  Probe  
  56  5:24  Stalker  
  56  5:25  Stalker x2  
  56  5:27  Probe  
  62  5:30  Pylon  
  62  5:40  Stalker x2  
  61  5:44  Resonating Glaives (Chrono Boost)  
  58  5:50  Stalker x3  
  58  5:51  Probe  
  58  5:52  Probe  
  66  5:57  Robotics Facility  
  66  6:04  Probe  
  66  6:05  Probe  
  66  6:07  Zealot  
  70  6:11  Sentry  
  70  6:14  Probe  
  70  6:15  Pylon  
  70  6:17  Pylon  
  73  6:23  Stalker x2  
  77  6:32  Forge  
  77  6:43  Nexus  
  77  6:45  Observer  
  78  6:47  Probe, Pylon  
  78  6:48  Probe  
  80  6:54  Pylon  
  80  6:58  Probe  
  80  7:00  Probe  
  82  7:01  Protoss Ground Weapons Level 1 (Chrono Boost)  
  82  7:06  Observer, Forge  
  83  7:08  Probe  
  83  7:12  Probe  
  83  7:14  Pylon  
  85  7:19  Probe  
  85  7:20  Templar Archives  
  86  7:24  Probe  
  86  7:28  Observer, Pylon  
  86  7:29  Probe  
  88  7:36  Probe  
  90  7:40  Adept x5  
  98  7:47  Probe  
  98  7:49  Probe  
  100  7:54  Immortal  
  100  7:55  Probe  
  100  7:57  Probe  
  105  7:58  Protoss Ground Armor Level 1 (Chrono Boost)  
  105  8:02  Adept  
  105  8:03  Adept x2  
  112  8:19  High Templar x2  
  116  8:23  Gateway  
  116  8:24  Gateway, High Templar x2  
  116  8:25  Archon  
  116  8:26  Gateway  
  120  8:28  Stalker  
  120  8:29  Archon  
  119  8:47  Protoss Ground Weapons Level 2  
  95  8:54  Adept x3  
  79  9:04  Adept x2  
  77  9:18  Gateway  
  77  9:19  Gateway  
  77  9:22  Gateway  
  77  9:23  Stalker x3  
  77  9:24  Stalker x4  
  87  9:26  Stalker  
  93  9:36  Assimilator  
  93  9:37  Immortal  
  97  9:38  Assimilator  
  97  9:42  Mothership Core  
  83  9:55  Stalker  
  83  9:56  Stalker x5  
  91  10:23  Adept x5  
  91  10:24  Protoss Ground Armor Level 2, Adept x3  
  100  10:29  Probe x2  
  100  10:30  Probe  
  99  10:40  Pylon  
  99  10:43  Observer  
  100  10:55  Probe x2  
  102  11:02  High Templar x3  
  108  11:06  Adept x4  
  108  11:07  Probe, Adept  
  119  11:17  High Templar  
  121  11:23  Archon x2  
  119  11:26  Adept x3  
  119  11:31  Adept  
  119  11:32  Adept x3  
  125  11:45  Stalker  
  125  11:46  Stalker x2  
  105  11:50  Stalker x2  
  103  11:55  Stalker  
  101  12:02  High Templar  
  101  12:04  Stalker x2  
  107  12:15  Zealot  
  109  12:21  Charge  
  108  12:27  Probe x2  
  110  12:30  Probe  
  111  12:44  Probe x2  
  113  12:45  High Templar  
  113  12:46  Adept x4  
  113  12:47  Adept x2  
  113  12:49  Archon  
  125  12:55  Stalker x2  
  129  13:04  Stalker x2  
  133  13:14  Adept x4  
  141  13:21  Psionic Storm  
  141  13:22  Pylon  
  141  13:24  Pylon  
  139  13:38  Pylon  
  139  13:39  Pylon  
  100  14:12  Nexus  
  100  14:16  High Templar x4  
  100  14:17  High Templar  
  96  14:31  Assimilator  
  96  14:36  Assimilator  
Tags
 
Add a new tag
Caveats
  • Supply blocks, unpowered buildings, or Contaminate may cause inaccurate times.
  • Supply counts are checked every 10 seconds.